Map: 2000 Atmospheres LE

Players

Maru

  • Race: Terran Terran

TIME (Oliveira) - Winner!

  • Race: Terran Terran

Event: DreamHack SC2 Masters Last Chance 2022

VOD

Have the link to the VOD?

Description

Time

  • Played on: Jan. 16, 2022, 9:59 a.m.
  • Length: 18:25

All games in this series

Show
View Real Time Build Order
Export as new Build Order

Maru Terran 

Build Orders:  

Get SALT Encoding   

  12  0:00  SCV  
  13  0:12  SCV  
  14  0:17  Supply Depot  
  14  0:24  SCV  
  15  0:38  SCV  
  15  0:40  Barracks  
  16  0:43  Refinery  
  16  0:50  SCV  
  16  0:53  Refinery  
  17  1:02  SCV  
  18  1:14  SCV  
  19  1:27  Reaper, Orbital Command  
  19  1:31  Supply Depot  
  20  1:43  Factory  
  20  1:53  SCV  
  21  1:59  Barracks Reactor  
  21  2:05  SCV  
  22  2:18  SCV  
  22  2:20  Command Center  
  23  2:27  Hellion  
  25  2:30  SCV  
  25  2:35  Reaper x2  
  28  2:38  Supply Depot  
  28  2:42  SCV  
  29  2:48  Hellion  
  31  2:57  Starport  
  31  3:00  SCV  
  32  3:09  Reaper  
  32  3:10  Hellion, Reaper  
  36  3:13  SCV  
  37  3:20  Refinery  
  37  3:25  SCV  
  38  3:37  SCV  
  38  3:39  Factory Tech Lab, Starport Tech Lab  
  38  3:40  Orbital Command  
  37  3:41  Marine x2  
  39  3:49  SCV  
  39  3:54  Supply Depot  
  40  3:58  Cyclone  
  40  4:01  SCV  
  44  4:04  Raven  
  44  4:06  Marine x2  
  48  4:13  SCV  
  48  4:17  SCV  
  48  4:24  Marine x2  
  49  4:25  SCV  
  49  4:29  SCV  
  49  4:30  Siege Tank  
  54  4:37  SCV  
  53  4:41  SCV  
  53  4:42  Marine  
  53  4:47  Marine  
  53  4:49  SCV  
  53  4:53  SCV  
  53  5:01  SCV  
  53  5:02  Supply Depot  
  53  5:04  Raven  
  53  5:05  SCV  
  54  5:23  SCV x2, Siege Tank  
  52  5:31  Marine x2  
  52  5:34  Supply Depot, Command Center  
  52  5:35  SCV x2  
  56  5:47  SCV x2  
  58  5:54  Barracks  
  58  5:55  Barracks  
  58  5:58  Siege Tank  
  58  5:59  SCV x2  
  58  6:00  Supply Depot  
  63  6:06  Viking  
  63  6:07  Viking  
  67  6:11  SCV  
  67  6:12  Refinery, Marine  
  67  6:16  SCV  
  70  6:23  Engineering Bay x2  
  70  6:29  SCV x2, Marine  
  70  6:32  Siege Tank  
  76  6:40  Viking  
  76  6:45  Barracks Reactor x2  
  76  6:46  Viking  
  80  6:49  SCV x2  
  80  6:50  Orbital Command  
  80  7:01  SCV x2  
  79  7:10  Barracks Tech Lab, Viking  
  79  7:13  SCV x2  
  83  7:18  SCV  
  83  7:21  Factory Tech Lab  
  81  7:23  Marine  
  81  7:25  SCV  
  81  7:26  SCV  
  83  7:30  SCV  
  83  7:34  Terran Infantry Weapons Level 1  
  83  7:35  Terran Infantry Armor Level 1  
  84  7:38  SCV  
  84  7:39  Stimpack  
  84  7:42  Marine x3  
  84  7:43  Supply Depot, Marine  
  89  7:44  Supply Depot, Marine  
  90  7:51  Supply Depot  
  90  7:52  Supply Depot, Siege Tank  
  93  8:01  Supply Depot x2  
  93  8:04  Barracks  
  93  8:06  Barracks  
  93  8:12  Medivac x2  
  97  8:16  Marine x2  
  97  8:17  Marine x2  
  97  8:18  SCV  
  101  8:20  Supply Depot  
  101  8:21  Supply Depot  
  101  8:24  Marine  
  102  8:34  Marine x3  
  103  8:35  Marine  
  103  8:37  Supply Depot, SCV x3, Siege Tank  
  112  8:41  Liberator  
  112  8:42  Marine  
  112  8:46  Orbital Command  
  116  8:51  Marine x2  
  116  8:52  Marine  
  116  8:55  Barracks Reactor x2, Marine  
  119  8:56  Armory  
  119  8:59  SCV x2, Marine  
  123  9:07  Supply Depot  
  123  9:09  Marine x2  
  125  9:10  Marine  
  125  9:11  SCV  
  125  9:13  Marine  
  125  9:14  SCV x2, Orbital Command  
  127  9:17  Marine  
  127  9:23  SCV  
  122  9:26  SCV  
  122  9:27  Marine x2  
  122  9:28  Marine  
  122  9:31  Marine  
  122  9:32  Missile Turret  
  122  9:35  SCV, Marine  
  122  9:38  SCV, Combat Shield  
  125  9:39  Sensor Tower  
  125  9:41  SCV  
  125  9:45  Marine x2  
  128  9:49  Siege Tank  
  128  9:50  Viking  
  133  10:01  SCV  
  133  10:04  SCV  
  133  10:07  Terran Infantry Weapons Level 2, Terran Infantry Armor Level 2  
  135  10:10  Refinery x2  
  135  10:14  SCV  
  135  10:19  Command Center  
  136  10:23  Siege Tank  
  136  10:26  SCV x2  
  141  10:34  Medivac  
  143  10:42  SCV x3  
  145  10:44  Terran Vehicle Weapons Level 1  
  145  10:48  Marine x3  
  145  10:51  Medivac  
  147  10:57  Factory  
  147  11:00  Marine  
  147  11:01  Marine x4  
  152  11:04  Medivac  
  154  11:11  Siege Tank  
  154  11:15  Marine x3  
  154  11:18  SCV x2, Marine x2  
  162  11:19  Barracks Reactor  
  162  11:21  SCV  
  162  11:30  SCV  
  162  11:32  SCV  
  164  11:33  SCV  
  164  11:36  Medivac x2  
  164  11:38  Supply Depot  
  169  11:43  Command Center  
  169  11:44  Siege Tank, Marine x2  
  169  11:45  Marine  
  175  11:48  Marine  
  175  11:52  Refinery x2  
  175  11:54  Sensor Tower  
  175  11:55  Sensor Tower  
  175  12:06  Viking x2  
  177  12:09  Marine x2  
  177  12:14  Marine  
  177  12:15  Marine  
  165  12:16  Siege Tank  
  165  12:20  Siege Tank, Marine  
  165  12:22  Marine x2  
  168  12:25  Command Center  
  168  12:36  Viking  
  170  12:39  Marine x2  
  172  12:46  Marine x3  
  172  12:48  Siege Tank  
  178  12:52  Siege Tank, Sensor Tower  
  179  13:09  Marine  
  179  13:10  Viking x2, Marine  
  170  13:13  SCV x2  
  170  13:19  Terran Infantry Weapons Level 3, Marine x2, Terran Infantry Armor Level 3  
  168  13:20  Siege Tank, Marine  
  172  13:32  Marine x2  
  172  13:33  Marine x2  
  172  13:34  Siege Tank  
  167  13:38  Marine x2  
  167  13:40  Viking  
  167  13:41  Viking  
  167  13:45  Marine x3  
  172  13:52  Planetary Fortress  
  172  13:54  SCV x3  
  175  14:03  Siege Tank  
  175  14:06  SCV x2  
  175  14:08  Terran Vehicle Weapons Level 2  
  180  14:10  Viking  
  180  14:14  Marine x4  
  186  14:19  Sensor Tower  
  186  14:22  SCV x2  
  188  14:24  Planetary Fortress  
  188  14:29  Refinery  
  188  14:31  Siege Tank  
  188  14:34  Marine  
  188  14:35  Marine x4  
  196  14:38  Siege Tank  
  196  14:42  Marine  
  196  14:43  Marine  
  187  14:46  Viking  
  187  14:49  Marine x3  
  187  14:52  Marine x3  
  175  15:03  Siege Tank  
  178  15:10  Siege Tank  
  177  15:19  Orbital Command  
  177  15:21  Marine x4  
  167  15:22  Supply Depot  
  167  15:24  Supply Depot  
  165  15:36  Siege Tank  
  165  15:37  Supply Depot  
  168  15:42  Siege Tank  
  168  15:45  Marine  
  168  15:46  Marine  
  135  15:51  Marine x7  
  142  15:58  Liberator  
  145  16:04  Liberator  
  137  16:19  Siege Tank, Marine x3  
  137  16:24  SCV  
  143  16:27  Marine  
  144  16:33  Orbital Command  
  144  16:36  SCV  
  145  16:48  SCV, Siege Tank  
  145  16:52  Marine x5  
  145  16:53  Marine  
  155  16:54  Sensor Tower  
  155  16:59  Marine  
  156  17:03  Marine x2  
  144  17:10  Marine x2  
  104  17:20  Marine x6  
  104  17:21  Marine  
  104  17:27  SCV x2  
  98  17:34  Siege Tank, Marine  
  98  17:36  SCV  
  100  17:39  SCV x2  
  96  17:50  Marine x2  
  90  17:51  SCV  
  90  17:53  Marine x4  
  81  18:06  Marine  
Show
View Real Time Build Order
Export as new Build Order

TIME Terran - Winner!

Build Orders:  

Get SALT Encoding   

  12  0:00  SCV  
  13  0:12  SCV  
  14  0:17  Supply Depot  
  14  0:24  SCV  
  15  0:38  SCV  
  15  0:39  Barracks  
  16  0:44  Refinery  
  16  0:50  SCV  
  16  0:53  Refinery  
  17  1:02  SCV  
  18  1:14  SCV  
  19  1:27  Reaper, Orbital Command  
  19  1:29  Supply Depot  
  20  1:44  Factory  
  20  1:53  SCV  
  21  1:59  Reaper  
  22  2:06  SCV  
  23  2:18  SCV  
  24  2:25  Command Center  
  26  2:30  Hellion  
  26  2:31  SCV  
  26  2:34  Barracks Reactor  
  27  2:44  Starport  
  27  2:45  SCV  
  28  2:52  Widow Mine  
  28  2:55  Supply Depot  
  28  2:57  SCV  
  31  3:15  Factory Tech Lab  
  31  3:16  Marine x2  
  31  3:17  SCV  
  34  3:21  Medivac  
  34  3:26  Refinery  
  36  3:29  SCV  
  37  3:36  Cyclone  
  37  3:38  Marine x2  
  40  3:42  Orbital Command  
  40  3:43  SCV  
  41  3:53  Starport Tech Lab  
  41  3:56  SCV, Marine x2  
  41  4:00  Barracks  
  41  4:14  Marine  
  42  4:18  SCV, Siege Tank  
  42  4:20  SCV  
  42  4:24  Marine  
  48  4:32  SCV  
  48  4:36  SCV  
  48  4:40  Marine  
  48  4:44  SCV  
  49  4:46  Marine  
  49  4:48  SCV  
  50  4:54  Siege Tank  
  50  4:56  SCV  
  50  4:58  Marine  
  50  4:59  Starport Reactor  
  54  5:06  SCV, Marine  
  54  5:08  SCV  
  54  5:09  Stimpack, Marine  
  54  5:12  Supply Depot  
  54  5:18  SCV  
  54  5:21  SCV  
  54  5:22  Marine  
  54  5:28  Siege Tank  
  55  5:29  Marine  
  55  5:30  SCV  
  55  5:32  Marine  
  55  5:33  SCV  
  59  5:37  Medivac x2  
  59  5:42  Refinery  
  63  5:44  Supply Depot  
  63  5:45  Marine  
  63  5:47  SCV  
  63  5:49  SCV  
  66  5:52  Marine  
  66  5:54  Marine  
  68  6:00  SCV  
  68  6:01  SCV  
  70  6:05  Marine  
  70  6:10  Supply Depot  
  71  6:16  Marine  
  71  6:17  SCV x2  
  74  6:18  Medivac x2  
  74  6:24  Supply Depot  
  78  6:32  Siege Tank, Marine x2  
  83  6:34  Marine  
  83  6:35  SCV  
  85  6:40  SCV  
  85  6:48  SCV  
  85  6:49  Marine  
  85  6:50  Marine  
  85  6:51  Command Center  
  85  6:52  SCV  
  86  6:54  Marine  
  86  7:00  SCV  
  86  7:04  SCV  
  86  7:07  Marine  
  88  7:09  Marine  
  88  7:12  SCV, Marine  
  88  7:19  SCV  
  78  7:24  SCV  
  78  7:25  Marine  
  78  7:26  Siege Tank  
  78  7:27  Engineering Bay x2, Marine  
  78  7:28  Barracks  
  82  7:30  Marine  
  82  7:31  SCV  
  82  7:32  Combat Shield  
  82  7:36  Refinery  
  84  7:43  SCV, Marine  
  86  7:45  Marine  
  86  7:48  Marine  
  86  7:49  SCV  
  89  7:57  Terran Infantry Weapons Level 1, Terran Infantry Armor Level 1  
  89  7:59  Viking x2  
  89  8:01  Marine  
  89  8:02  Marine  
  89  8:03  SCV  
  89  8:05  Orbital Command  
  96  8:09  Marine  
  97  8:13  SCV  
  97  8:15  SCV  
  99  8:20  Barracks Reactor  
  99  8:25  Barracks  
  99  8:26  Siege Tank  
  102  8:27  Barracks  
  102  8:30  Marine  
  102  8:31  SCV  
  102  8:32  SCV x2  
  102  8:34  Supply Depot  
  106  8:36  Viking  
  108  8:43  Supply Depot, SCV  
  108  8:45  SCV  
  109  8:51  Supply Depot  
  109  8:53  Armory  
  109  8:55  SCV x2, Viking, Marine x3  
  116  8:56  Supply Depot  
  116  9:05  Marine  
  116  9:06  Siege Tank, Marine  
  116  9:07  SCV  
  116  9:08  SCV  
  123  9:13  Marine  
  120  9:20  Marine  
  113  9:25  Marine  
  113  9:26  SCV  
  113  9:29  Marine  
  113  9:31  SCV x2  
  112  9:32  Marine  
  112  9:33  Barracks Reactor x2, Refinery x2  
  112  9:36  Marine  
  112  9:38  Medivac x2, Marine  
  115  9:40  Siege Tank  
  115  9:41  SCV  
  115  9:43  Sensor Tower  
  115  9:45  Command Center  
  123  9:46  Marine  
  123  9:47  SCV, Marine  
  126  9:53  Missile Turret  
  126  9:54  Marine  
  126  9:55  Marine  
  126  9:57  Terran Infantry Weapons Level 2, Terran Infantry Armor Level 2  
  125  10:02  Marine  
  125  10:03  Marine  
  125  10:04  Marine  
  125  10:09  Viking x2  
  125  10:12  Marine  
  130  10:14  Terran Vehicle Weapons Level 1  
  130  10:15  Marine x4  
  130  10:17  SCV  
  135  10:23  SCV  
  135  10:25  SCV  
  135  10:27  Marine x3  
  135  10:28  Supply Depot  
  140  10:34  Marine  
  141  10:36  Factory  
  141  10:39  Barracks Reactor, Marine  
  141  10:41  Supply Depot  
  141  10:46  Marine x2  
  141  10:47  SCV, Marine x2  
  141  10:48  SCV, Siege Tank, Marine  
  141  10:49  Marine  
  133  10:51  Marine  
  133  10:53  Missile Turret, Viking  
  135  10:57  Marine  
  135  11:01  Viking  
  138  11:04  Marine x2  
  138  11:05  Marine  
  138  11:06  Marine  
  138  11:08  Marine  
  143  11:14  Marine x2  
  143  11:16  Marine  
  143  11:17  Marine  
  146  11:23  Planetary Fortress  
  146  11:24  Supply Depot  
  146  11:25  Marine x4  
  148  11:26  Siege Tank x2  
  148  11:29  Medivac, Marine  
  148  11:31  SCV  
  158  11:35  Marine x2  
  158  11:39  Medivac  
  162  11:41  Missile Turret  
  162  11:43  Missile Turret  
  162  11:44  Marine x5  
  167  11:48  Marine  
  167  11:50  Marine x2  
  167  11:53  Marine  
  171  12:01  Marine  
  171  12:02  Marine  
  171  12:05  SCV x2  
  171  12:06  Marine x2  
  171  12:07  Siege Tank  
  179  12:09  SCV  
  179  12:14  Siege Tank  
  180  12:19  Marine x2  
  180  12:20  Marine x2  
  180  12:21  SCV  
  176  12:22  SCV  
  176  12:25  SCV  
  176  12:29  Marine x2  
  179  12:30  Barracks x2  
  179  12:32  Marine, Barracks  
  179  12:36  Terran Vehicle Weapons Level 2, Terran Infantry Weapons Level 3, Terran Infantry Armor Level 3  
  180  12:50  Command Center  
  180  12:52  Supply Depot  
  180  12:53  Marine  
  180  13:04  Marine x2  
  180  13:05  Marine x4  
  180  13:06  Marine x2  
  180  13:07  Marine  
  180  13:09  Siege Tank x2  
  180  13:11  Marine  
  176  13:19  Barracks Reactor x3  
  171  13:22  SCV, Marine x2  
  171  13:23  SCV, Marine  
  171  13:24  Sensor Tower  
  154  13:34  Marine x2  
  154  13:35  Marine  
  154  13:37  Marine x3  
  154  13:41  Siege Tank x2  
  161  13:42  Marine  
  161  13:43  Marine  
  161  13:44  Marine x2  
  161  13:45  Medivac x2  
  164  13:51  Missile Turret  
  164  13:52  Marine x3  
  164  13:55  Marine x4  
  170  13:59  Marine  
  172  14:05  Marine  
  172  14:08  Marine x2  
  172  14:09  Planetary Fortress  
  175  14:10  Marine x2  
  175  14:11  Command Center  
  175  14:14  Marine x3  
  175  14:15  Siege Tank x2  
  186  14:18  Medivac x2  
  186  14:19  Marine x2  
  186  14:20  Marine  
  186  14:21  Marine  
  186  14:22  Marine x3  
  197  14:24  Marine x2  
  197  14:27  SCV  
  197  14:30  Marine  
  175  14:48  Marine x2  
  175  14:50  Marine x4  
  175  14:52  Siege Tank, Marine  
  168  14:55  Marine  
  168  14:56  Marine x2  
  164  15:01  Marine x4  
  164  15:02  Siege Tank  
  164  15:03  Medivac x2, Orbital Command  
  164  15:04  Marine x2  
  173  15:07  Supply Depot x4  
  173  15:08  Supply Depot  
  173  15:16  Marine x2  
  173  15:17  Marine x2  
  173  15:18  Marine  
  176  15:23  Marine  
  176  15:25  Marine  
  176  15:26  Marine  
  178  15:29  Marine  
  178  15:34  Refinery  
  179  15:37  Marine  
  179  15:40  Marine x2  
  181  15:49  Marine  
  136  15:50  Marine x6  
  136  15:51  Siege Tank x2  
  136  15:52  Medivac x2, Marine x3  
  149  15:57  Marine x2  
  149  15:59  Command Center  
  149  16:01  Marine x2  
  153  16:06  Marine  
  153  16:07  Marine  
  153  16:09  Marine x2  
  153  16:10  Marine  
  159  16:12  Marine  
  159  16:13  Marine  
  159  16:16  Marine  
  159  16:17  Marine  
  159  16:18  Marine  
  166  16:21  Marine  
  166  16:22  Marine  
  166  16:25  Siege Tank, Marine  
  165  16:27  Marine  
  165  16:29  Marine  
  165  16:32  Medivac  
  166  16:33  Medivac, Marine  
  166  16:34  Marine x3  
  166  16:36  Marine x2  
  166  16:37  Marine  
  166  16:39  Marine  
  176  16:41  Marine  
  176  16:43  Marine  
  176  16:44  Marine  
  175  16:47  Marine  
  175  16:51  Marine x2  
  175  16:52  Marine x2  
  180  16:54  Marine  
  180  16:57  SCV, Marine  
  170  17:03  Marine  
  155  17:13  Marine  
  155  17:14  Marine x5  
  155  17:15  Marine  
  146  17:17  Marine  
  144  17:23  Marine  
  144  17:28  Marine  
  142  17:30  Siege Tank x2  
  142  17:31  Marine x2  
  149  17:37  Medivac x2  
  150  17:41  Marine x2  
  150  17:42  Marine  
  157  17:48  Marine  
  151  17:54  Marine  
  151  17:55  Marine  
  151  17:57  Orbital Command  
  136  17:58  Marine  
  136  17:59  Marine x2  
  136  18:01  Marine  
  136  18:02  Marine  
  136  18:05  Marine  
  125  18:07  Marine  

Tags
 
Add a new tag
Caveats
  • Supply blocks, unpowered buildings, or Contaminate may cause inaccurate times.
  • Supply counts are checked every 10 seconds.